 Dungeon Crawl Stone Soup version 0.23.2-30-g0e89c35649 (webtiles) character file.

Game seed: 2234708522502808084

49 Matador8 the Conjurer (level 3, 0/26 HPs)
             Began as a Draconian Conjurer on June 19, 2019.
             Slain by a bullfrog (5 damage)
             ... on level 3 of the Dungeon.
             The game lasted 00:08:59 (1403 turns).

Matador8 the Conjurer (Draconian Conjurer)          Turns: 1403, Time: 00:09:00

Health: 0/26       AC:  5    Str: 10    XL:     3   Next: 51%
Magic:  5/6        EV: 12    Int: 16    God:
Gold:   109        SH:  0    Dex: 11    Spells: 5/6 levels left

rFire    . . .     SeeInvis .   c - +2 spear (venom)
rCold    . . .     Gourm    .   (no shield)
rNeg     . . .     Faith    .   (armour unavailable)
rPois    .         Spirit   .   (helmet restricted)
rElec    .         Reflect  .   (no cloak)
rCorr    .         Harm     .   (no gloves)
MR       .....                  (no boots)
Stlth    ++........             (no amulet)
HPRegen  0.08/turn              (no ring)
MPRegen  0.10/turn              (no ring)

@: no status effects
A: unfitting armour, cold-blooded, AC +5
a: no special abilities


You were on level 3 of the Dungeon.
You were not hungry.

You visited 1 branch of the dungeon, and saw 3 of its levels.

You collected 109 gold pieces.

Inventory:

Hand Weapons
 c - a +2 spear of venom (weapon)
Jewellery
 g - a cursed ring of attention {unknown}
 o - an uncursed amulet of magic regeneration {unknown}
 p - an uncursed ring of fire {unknown}
 q - an uncursed ring of resist corrosion {unknown}
Scrolls
 a - 2 scrolls of teleportation {unknown}
 d - a scroll of enchant weapon {unknown}
 h - a scroll of amnesia {unknown}
 i - a scroll of enchant armour {unknown}
 l - 2 scrolls of remove curse {unknown}
 m - 2 scrolls of identify {unknown}
 n - a scroll of random uselessness {unknown}
Potions
 e - a potion of invisibility {unknown}
 f - a potion of heal wounds {unknown}
 j - 2 potions of curing {unknown}
 k - a potion of ambrosia {unknown}
 r - a potion of cancellation {unknown}
Comestibles
 b - 3 rations


   Skills:
 * Level 2.6 Polearms
 - Level 1.7 Dodging
 - Level 1.7 Stealth
 + Level 2.4 Spellcasting
 - Level 4.1 Conjurations


You had 5 spell levels left.
You knew the following spells:

 Your Spells              Type           Power        Failure   Level  Hunger
a - Magic Dart            Conj           ###.         3%          1    #......

Your spell library contained the following spells:

 Spells                   Type           Power        Failure   Level  Hunger
 Searing Ray              Conj           ###...       5%          2    ###....
 Dazzling Spray           Conj/Hex       #.....       26%         3    ###....
 Iskenderun's Mystic Bla  Conj           ###.....     34%         4    #####..
 Force Lance              Conj/Tloc      #.......     63%         4    #####..
 Fulminant Prism          Conj/Hex       #.........   63%         4    #####..


Dungeon Overview and Level Annotations

Branches:
Dungeon (3/15)

Altars:
Cheibriados
Trog


Innate Abilities, Weirdness & Mutations

Your plain brown scales are hard. (AC +5)
You cannot fit into any form of body armour.
You are cold-blooded and may be slowed by cold attacks.


Message History

The bullfrog is moderately wounded.
The bullfrog barely misses you.
You barely miss the bullfrog.
The bullfrog is moderately wounded.
The bullfrog hits you.
The bullfrog hits you but does no damage.
You hit the bullfrog.
The bullfrog is poisoned.
The bullfrog is moderately wounded.
The bullfrog hits you. The bullfrog hits you. The bullfrog hits you!
The bullfrog hits you.
A goblin comes into view.
The goblin shouts!
The bullfrog closely misses you.
Found a stone staircase leading down.
The bullfrog hits you.
* * * LOW HITPOINT WARNING * * *
The bullfrog hits you.
You die...

....... .># .....
#.# .... #.# ##..
#.# .. ##..# #.#
....#...########.#
#...............#
...####.#######Fg#
.. #.#######@.#
....####..........#
.........#######.##
....####.### #.#
...........### #.#
....###......# #.#
## #......# #.#
#......# #.#
#......#


You could see a bullfrog and a goblin.

Vanquished Creatures
  5 dart slugs
  A leopard gecko (D:1)
  A ball python (D:1)
  2 giant cockroaches
  3 goblins (D:1)
  5 hobgoblins (D:1)
  5 bats
  5 frilled lizards
  4 kobolds
  7 rats
38 creatures vanquished.

Notes
Turn   | Place    | Note
-------+----------+-------------------------------------------
     0 | D:1      | Matador8 the Draconian Conjurer began the quest for the
                  | Orb.
     0 | D:1      | Reached XP level 1. HP: 14/14 MP: 3/3
   208 | D:1      | Reached skill level 1 in Polearms
   208 | D:1      | Reached XP level 2. HP: 14/20 MP: 5/5
   633 | D:1      | Reached XP level 3. HP: 26/26 MP: 6/6
  1123 | D:2      | Found a bloodstained altar of Trog.
  1125 | D:2      | Found a snail-covered altar of Cheibriados.
  1388 | D:3      | Noticed a bullfrog
  1403 | D:3      | Slain by a bullfrog

Skill      XL: |  1  2 |
---------------+-------+-----
Polearms       | 1 2 |  2.6
Dodging        | |  1.7
Stealth        | |  1.7
Spellcasting   | |  2.4
Conjurations   | |  4.1

Action                   || total
-------------------------++-------
Melee: Spear             ||    70
       Tailslap          ||     4
 Cast: Magic Dart        ||    13
 Stab: Sleeping          ||     6
  Eat: Chunk             ||     2
Armor: Skin              ||    15
Dodge: Dodged            ||    33
